 Dungeon Crawl Stone Soup version 0.26-a0-712-ga5a9c9c9d0 (webtiles) character file.

Game seed: 7504041066474020126

1863 kae the Insei (level 9, 0/59 HPs)
             Began as an Octopode Transmuter on Nov 6, 2020.
             Slain by a gnoll sergeant
             ... wielding a cursed -2 trident
              (8 damage)
             ... on level 5 of the Dungeon.
             The game lasted 00:06:27 (7183 turns).

kae the Insei (Octopode Transmuter)                 Turns: 7183, Time: 00:06:28

Health: 0/59       AC:  1    Str: 12    XL:     9   Next: 13%
Magic:  12/13      EV: 19    Int: 16    God:
Gold:   193        SH:  0    Dex: 12    Spells: 10/14 levels left

rFire    . . .     SeeInvis .     - Unarmed
rCold    . . .     Faith    .   (no shield)
rNeg     . . .     Spirit   .   (helmet restricted)
rPois    .         Reflect  .   (no amulet)
rElec    .         Harm     .   k - +4 ring of evasion
rCorr    .         Rampage  .   (no ring)
MR       .....                  (no ring)
Stlth    ++........             (no ring)
HPRegen  0.19/turn              (no ring)
MPRegen  0.13/turn              (no ring)
                                (no ring)
                                (no ring)

@: no status effects
A: almost no armour, stealthy swim, amphibious, 8 rings, constrict 8, camouflage
1, gelatinous body 1
a: no special abilities


You were on level 5 of the Dungeon.
You visited 1 branch of the dungeon, and saw 5 of its levels.

You collected 263 gold pieces.
You spent 70 gold pieces at shops.

Inventory:

Jewellery
 k - a +4 ring of evasion (left tentacle)
Wands
 n - a wand of iceblast (5)
 q - a wand of random effects (14)
Scrolls
 e - a scroll of fear
 f - a scroll of fog
 g - 2 scrolls of blinking
 h - 3 scrolls of remove curse
 i - a scroll of amnesia
 o - a scroll of magic mapping
Potions
 a - a potion of stabbing
 b - a potion of ambrosia
 c - 5 potions of curing
 d - 2 potions of lignification
 j - a potion of heal wounds
 l - a potion of might
 m - a potion of cancellation
 p - a potion of magic
 r - a potion of flight {unknown}


   Skills:
 + Level 4.3 Fighting
 + Level 4.7 Dodging
 * Level 7.0 Unarmed Combat
 - Level 3.0 Spellcasting
 * Level 6.6 Transmutations
 - Level 3.0 Poison Magic


You had 10 spell levels left.
You knew the following spells:

 Your Spells              Type           Power        Failure   Level
a - Beastly Appendage     Tmut           ###...       1%          1
b - Spider Form           Tmut/Pois      ###.......   8%          3

Your spell library contained the following spells:

 Spells                   Type           Power        Failure   Level
 Wereblood                Tmut           ###.....     1%          2
 Blade Hands              Tmut           ###.......   34%         5
 Ice Form                 Ice/Tmut       ##......     43%         4


Dungeon Overview and Level Annotations

Branches:
Dungeon (5/15)
 Temple: D:4-7

Altars:

Shops:
D:4 ?   D:5 *


Innate Abilities, Weirdness & Mutations

You cannot wear most types of armour.
You are very stealthy in the water. (Stealth+)
You are amphibious.
You can wear up to eight rings at the same time.
You can use your tentacles to constrict eight enemies at once.
Your skin changes colour to match your surroundings (Stealth+).
Your rubbery body absorbs attacks. (AC +1, EV +1)


Message History

The gnoll sergeant completely misses you.
The gnoll closely misses you.
You hit the gnoll but do no damage.
The gnoll looks as sick as possible!
The gnoll is heavily wounded.
Your transformation is almost over.
The gnoll sergeant closely misses you. The gnoll misses you.
You bite the gnoll!
You kill the gnoll!
The gnoll sergeant hits you from afar with a cursed -2 trident!
The gnoll throws a stone.
The stone completely misses you.
The gnoll sergeant completely misses you.
The gnoll sergeant hits you from afar with a cursed -2 trident.
The gnoll sergeant completely misses you.
Your transformation has ended.
The gnoll sergeant hits you from afar with a cursed -2 trident!
* * * LOW HITPOINT WARNING * * *
The gnoll throws a boomerang.
The boomerang closely misses you.
The weapon returns to the gnoll!
The gnoll sergeant hits you from afar with a cursed -2 trident!
You die...

###....#..............<..#....#
###.........###................##
..#.........# ##.........####....
..##..#.##..# #..........# #...#.
..##..####### ##.............####
..##..#### #....######.... ##
.........### ##....# ##..# #.
.....#.>##.# ###....### ##. ##
.....##....###g.@.<...## #. #
.....)(....gg..........#### . ##
.##########........##....##.####.
## ##......)###........... #
##.......######.###.## #
#......## ...# #..# #
#......#####...# #.## ..gg.h.
#............# #..# ......!
#.....###...## #..#


You could see a gnoll sergeant (fast) and 2 gnolls.

Vanquished Creatures
  Prince Ribbit (D:5)
  Grinder (D:3)
  A water moccasin (D:5)
  An ice beast (D:2)
  2 phantoms
  Blork the orc (D:5)
  4 killer bees
  7 hounds
  A centaur skeleton (D:4)
  3 gnoll shamans
  Jessica (D:2)
  3 iguanas
  2 worker ants
  Robin (D:2)
  6 adders
  17 gnolls
  A shadow imp (D:5)
  2 oozes
  An adder skeleton (D:4)
  3 worms
  3 dart slugs
  8 leopard geckos
  6 orcs
  6 giant cockroaches
  17 goblins
  10 hobgoblins
  15 jackals
  3 quokkas
  2 ball pythons
  10 bats
  4 frilled lizards
  A jackal skeleton (D:5)
  9 kobolds
  7 rats
160 creatures vanquished.

Vanquished Creatures (others)
  4 plants (D:5)
4 creatures vanquished.

Grand Total: 164 creatures vanquished

Notes
Turn   | Place    | Note
-------+----------+-------------------------------------------
     0 | D:1      | kae the Octopode Transmuter began the quest for the Orb.
     0 | D:1      | Reached XP level 1. HP: 13/13 MP: 3/3
   143 | D:1      | Reached XP level 2. HP: 12/18 MP: 3/5
   658 | D:1      | Reached XP level 3. HP: 15/23 MP: 4/6
  1434 | D:2      | Reached XP level 4. HP: 14/28 MP: 5/7
  1744 | D:2      | Noticed Robin
  1828 | D:2      | Killed Robin
  2060 | D:2      | Noticed an ice beast
  2116 | D:2      | Learned a level 3 spell: Spider Form
  2228 | D:2      | Noticed Jessica
  2237 | D:2      | Killed Jessica
  2237 | D:2      | Reached XP level 5. HP: 34/34 MP: 4/8
  2392 | D:2      | Killed an ice beast
  2392 | D:2      | Reached skill level 4 in Unarmed Combat
  2392 | D:2      | Reached skill level 1 in Poison Magic
  2392 | D:2      | Reached XP level 6. HP: 11/39 MP: 6/10
  3176 | D:3      | Reached XP level 7. HP: 44/45 MP: 7/11
  3272 | D:3      | Noticed Grinder
  3944 | D:3      | Killed Grinder
  3944 | D:3      | Reached skill level 5 in Unarmed Combat
  5118 | D:4      | Reached XP level 8. HP: 49/52 MP: 8/12
  5129 | D:4      | Reached skill level 5 in Transmutations
  5597 | D:4      | Found Mekasole's Magic Scroll Boutique.
  5600 | D:4      | Bought a scroll of magic mapping for 42 gold pieces
  6031 | D:5      | Entered Level 5 of the Dungeon
  6375 | D:5      | Reached skill level 6 in Unarmed Combat
  6436 | D:5      | Found Dubbom's Assorted Antiques.
  6448 | D:5      | Bought a scroll labeled VACHUO FIZA for 28 gold pieces
  6465 | D:5      | Noticed Blork the orc
  6477 | D:5      | Killed Blork the orc
  6524 | D:5      | Noticed Prince Ribbit
  6540 | D:5      | Killed Prince Ribbit
  6923 | D:4      | Reached XP level 9. HP: 42/58 MP: 10/13
  7153 | D:5      | Reached skill level 7 in Unarmed Combat
  7183 | D:5      | Slain by a gnoll sergeant

Illustrated notes

Levels and vault maps discovered:
D:1:      dpeg_arrival_signposts, layout_loops_ring
D:2:      layout_basic, serial_bayou_pond_b, minmay_tall_x, uniq_jessica,
          uniq_robin
D:3:      layout_basic, uniq_grinder
D:4:      minmay_diamond_boxcup, layout_loops_ring, serial_shops,
          kennysheep_mini
D:5:      layout_cave_pools, minmay_temple_entry_gardened_gates,
          serial_gnoll_camp, gnoll_camp_mini_shop, gnoll_camp_mini_doghouse,
          gnoll_camp_mini_loothouse, gnoll_camp_medium_02, uniq_prince_ribbit1,
          uniq_blork_the_orc

Skill      XL: |  1  2  3  4  5  6  7  8  9 |
---------------+----------------------------+-----
Transmutations | 3 4 6 |  6.6
Fighting       | 2 3 4 |  4.3
Unarmed Combat | 4 5 6 7 |  7.0
Poison Magic   | 1 2 3 |  3.0
Dodging        | 3 4 |  4.7
Spellcasting   | 3 |  3.0

Action                   |  1- 3 |  4- 6 |  7- 9 || total
-------------------------+-------+-------+-------++-------
Melee: Unarmed           |    71 |    88 |   288 ||   447
       Constrict         |    19 |    17 |    22 ||    58
       Tentacles         |    13 |     8 |    17 ||    38
       Kick              |     8 |    17 |    16 ||    41
       Punch             |     1 |     1 |     4 ||     6
 Cast: Beastly Appendage |    21 |    11 |    18 ||    50
       Spider Form       |       |     6 |    22 ||    28
  Use: Scroll            |     1 |       |    13 ||    14
       Potion            |       |     2 |       ||     2
 Stab: Sleeping          |     6 |       |     5 ||    11
Armor: Skin              |     8 |     7 |     7 ||    22
Dodge: Dodged            |    59 |    64 |   339 ||   462

Table legend: (Time is in decaauts)
 A = Elapsed time spent in this place.
 B = Non-inter-level travel time spent in this place.
 C = Inter-level travel time spent in this place.
 D = Time resting spent in this place.
 E = Time spent auto-exploring this place.
 F = Levels seen in this place.
 G = Mean time per level.
                   A        B        C        D        E       F      G
               +--------+--------+--------+--------+--------+-----+--------+
         Total |   7149 |   7000 |    149 |   1513 |   4320 |   5 | 1429.8 |
       Dungeon |   7149 |   7000 |    149 |   1513 |   4320 |   5 | 1429.8 |
               +--------+--------+--------+--------+--------+-----+--------+

Top non-repeatable levels by time:
     D:2: 1916 daAuts
     D:3: 1813 daAuts
     D:4: 1482 daAuts
     D:1: 1309 daAuts
     D:5: 627 daAuts
